cohdb
Replays
Latest Replays
All Replays
Popular Replays
Top Player Replays
Match Explorer
How It Works
Community
CoH3 Stats
Reddit
Sign in to upload your games and track your stats! →
Sign in with Steam
Match 44023058
Unlisted
Match 44023058
Overview
Messages
Build Orders
End
Engineer Squad
Construct Weapon Support Center
Selects Airborne Battlegroup
Selects Pathfinders
M1919 Machine Gun Team
Pathfinder Squad
M1919 Machine Gun Team
Infantry Support Center
Selects Paratrooper Squad Paradrop
M3 Armored Personnel Carrier
Paratrooper Squad Paradrop
Selects Smoke Bombing Run
Forward Retreat Point
JackieChan
Hoze
Swedge
FL3X1CAN
[ITA] Alle Campa 90
Joraad
RFloki
marcusbuur
0
0
Comments
sign in to comment!
No comments posted yet!